 Dungeon Crawl Stone Soup version 0.22.0-5-gf09313c (webtiles) character file.

5170 Jeffwins the Carver (level 10, -1/63 HPs)
             Began as an Octopode Fighter on Aug 14, 2018.
             Was a Priest of Okawaru.
             Slain by a two-headed ogre
             ... wielding a +0 giant club
              (18 damage)
             ... on level 10 of the Dungeon.
             The game lasted 00:19:13 (10805 turns).

Jeffwins the Carver (Octopode Fighter)             Turns: 10805, Time: 00:19:13

Health: -1/63      AC:  1    Str: 16    XL:     10   Next: 59%
Magic:  0/11       EV: 11    Int: 11    God:    Okawaru [***...]
Gold:   420        SH:  8    Dex: 14    Spells: 9/9 levels left

rFire    . . .     SeeInvis .   F - +3 falchion (flame) (curse)
rCold    . . .     Gourm    .   b - +0 shield
rNeg     . . .     Faith    .   (helmet restricted)
rPois    .         Spirit   +   y - amulet of guardian spirit
rElec    .         Reflect  .   (no ring)
rCorr    .         Harm     .   (no ring)
MR       .....                  (no ring)
Stlth    +++.......             (no ring)
HPRegen  0.20/turn              (no ring)
MPRegen  0.12/turn              (no ring)
                                (no ring)
                                (no ring)

@: drained
A: almost no armour, stealthy swim, amphibious, 8 rings, constrict 8, camouflage
1, gelatinous body 1
a: Heroism, Renounce Religion


You were on level 10 of the Dungeon.
You worshipped Okawaru.
Okawaru was most pleased with you.
You were near starving.

You visited 1 branch of the dungeon, and saw 10 of its levels.

You collected 472 gold pieces.
You spent 52 gold pieces at shops.

Inventory:

Hand Weapons
 a - a +0 long sword
 k - a +2 vampiric dagger
 o - a cursed -1 hunting sling
 F - a cursed +3 falchion of flaming (weapon)
 M - a cursed +3 falchion of freezing
Missiles
 g - 18 bolts
 j - 209 stones (quivered)
 n - 6 tomahawks
 p - 134 arrows
 r - 32 poisoned needles
 s - 14 sling bullets
 t - 8 curare-tipped needles
 v - 3 javelins
 J - 3 needles of confusion
Armour
 b - a +0 shield (worn)
Jewellery
 y - an amulet of guardian spirit (around mantle)
Wands
 A - a wand of flame (18)
 E - a wand of enslavement (13)
 H - a wand of disintegration (6)
 K - a wand of iceblast (10)
Scrolls
 f - a scroll of remove curse
 h - 2 scrolls of blinking {unknown}
 i - 4 scrolls of enchant weapon {unknown}
 l - 2 scrolls of fear {unknown}
 q - 2 scrolls of amnesia {unknown}
 u - 3 scrolls of teleportation {unknown}
 z - a scroll of noise {unknown}
 G - 2 scrolls of magic mapping
 I - a scroll of fog
Potions
 c - a potion of might
 m - 2 potions of curing
 w - 3 potions of mutation
 x - a potion of berserk rage
 B - 2 potions of lignification
 C - 2 potions of heal wounds
 D - a potion of ambrosia
Comestibles
 d - 23 rations


   Skills:
 + Level 3.5(2.7) Fighting
 - Level 14.0(12.9) Long Blades
 + Level 1.6(0.8) Throwing
 + Level 3.4(2.6) Dodging
 + Level 2.6(1.7) Stealth
 + Level 3.4(2.6) Shields
 + Level 1.8(1.0) Invocations
 + Level 1.7(0.9) Evocations


You had 9 spell levels left.
You didn't know any spells.
Your spell library contained the following spells:

 Spells                   Type           Power        Failure   Level  Hunger
 Confuse                  Hex            #.......     99%         3    ####...
 Tukima's Dance           Hex            #.......     99%         3    ####...
 Ensorcelled Hibernation  Hex/Ice        #.....       95%         2    ###....
 Corona                   Hex            #......      86%         1    ##.....
 Dazzling Spray           Conj/Hex       #.....       99%         3    ####...


Dungeon Overview and Level Annotations

Branches:
Dungeon (10/15)            Temple (0/1) D:7             Orc (0/2) D:9
   Lair: D:8-11

Altars:
Ashenzari
Elyvilon
Gozag
Makhleb
Okawaru
Qazlal
Trog
Uskayaw
Vehumet
Wu Jian
Xom
Yredelemnul
Zin
Beogh

Shops:
D:6 [   D:8 (   D:10 *


Innate Abilities, Weirdness & Mutations

You cannot wear most types of armour.
You are very stealthy in the water. (Stealth+)
You are amphibious.
You can wear up to eight rings at the same time.
You can use your tentacles to constrict eight enemies at once.
Your skin changes colour to match your surroundings (Stealth+).
Your rubbery body absorbs attacks. (AC +1, EV +1)


Message History

Press: ? - help, Shift-Dir - straight line, f/p - two-headed ogre
Aim: a two-headed ogre, wielding two giant clubs (heavily wounded, chance to defeat MR: 52%)
The two-headed ogre resists with significant effort.
You hear a bark!
The two-headed ogre hits you with a giant club.
* * * LOW HITPOINT WARNING * * *
You block the two-headed ogre's attack.
Evoke which item? (* to show all) (? for menu, Esc to quit)
Aiming: Disintegrate
Press: ? - help, Shift-Dir - straight line, f/p - two-headed ogre
Aim: a two-headed ogre, wielding two giant clubs (heavily wounded, chance to defeat MR: 52%)
The two-headed ogre resists with significant effort.
Evoke which item? (* to show all) (? for menu, Esc to quit)
Aiming: Disintegrate
Press: ? - help, Shift-Dir - straight line, f/p - two-headed ogre
Aim: a two-headed ogre, wielding two giant clubs (heavily wounded, chance to defeat MR: 52%)
The two-headed ogre resists with significant effort.
A hound comes into view.
The two-headed ogre hits you with a giant club!!
You die...

... #.. #.. #.# #.#
#.######
#####h##...##### ##
#.O@......)....#
#.......###.##...###.#
#.#.### ##.).##### ...
#.....# #.# ##...##
#.# ##.## ########.##
#># #.........# #.#
#<######..#### ##'##


You could see a two-headed ogre and a hound.

Vanquished Creatures
  Psyche (D:9)
  2 centaur skeletons
  A hippogriff (D:9)
  A wyvern (D:8)
  A yak (D:8)
  3 hogs (D:8)
  A human (D:8)
  Duvessa (D:4)
  2 orc warriors
  A phantom (D:5)
  A black bear (D:4)
  A sky beast (D:3)
  4 ogres
  3 centaurs
  A big kobold (D:8)
  2 bullfrogs
  Dowan (D:4)
  3 scorpions
  13 wights
  A howler monkey (D:5)
  5 crimson imps
  A bullfrog skeleton (D:5)
  5 hounds
  8 orc priests
  3 jellies
  Terence (D:2)
  7 worker ants
  4 orc wizards
  A hound skeleton (D:5)
  Robin (D:2)
  2 worker ant zombies
  A howler monkey skeleton (D:4)
  17 adders
  2 shadow imps
  5 oozes
  2 adder zombies
  An adder skeleton (D:9)
  A worm (D:3)
  7 leopard geckos
  30 orcs
  8 bats
  6 giant cockroaches
  15 goblins
  12 hobgoblins
  9 jackals
  A quokka (D:6)
  2 ball pythons
  10 frilled lizards
  12 kobolds
  A quokka skeleton (D:9)
  6 rats
230 creatures vanquished.

Vanquished Creatures (others)
  An orc (D:8)
1 creature vanquished.

Grand Total: 231 creatures vanquished

Notes
Turn   | Place    | Note
-------+----------+-------------------------------------------
     0 | D:1      | Jeffwins the Octopode Fighter began the quest for the Orb.
     0 | D:1      | Reached XP level 1. HP: 16/16 MP: 1/1
    70 | D:1      | Reached XP level 2. HP: 21/21 MP: 2/2
   163 | D:1      | Reached skill level 3 in Long Blades
   242 | D:1      | Reached XP level 3. HP: 26/26 MP: 3/3
   684 | D:1      | You fall through a shaft!
  1023 | D:2      | Noticed Robin
  1047 | D:2      | Reached skill level 4 in Long Blades
  1131 | D:2      | Reached XP level 4. HP: 29/31 MP: 4/4
  1161 | D:2      | Noticed Terence
  1167 | D:2      | Killed Terence
  1210 | D:2      | Found a glowing silver altar of Zin.
  1521 | D:2      | Killed Robin
  1521 | D:2      | Reached skill level 5 in Long Blades
  1521 | D:2      | Reached XP level 5. HP: 18/36 MP: 5/5
  1748 | D:2      | Found a bloodstained altar of Trog.
  2006 | D:3      | Found an iron altar of Okawaru.
  2068 | D:3      | Reached skill level 6 in Long Blades
  2109 | D:3      | Became a worshipper of Warmaster Okawaru
  2452 | D:3      | Reached XP level 6. HP: 42/42 MP: 6/6
  2897 | D:3      | Found a basalt altar of Yredelemnul.
  2905 | D:3      | Found a shimmering altar of Xom.
  2906 | D:3      | Found an opulent altar of Gozag.
  3022 | D:4      | Noticed a black bear
  3366 | D:4      | Reached skill level 7 in Long Blades
  3371 | D:4      | Reached XP level 7. HP: 39/46 MP: 7/7
  3497 | D:4      | Reached * piety under Okawaru
  3497 | D:4      | Reached skill level 8 in Long Blades
  3753 | D:4      | Found a shattered altar of Ashenzari.
  3798 | D:5      | Entered Level 5 of the Dungeon
  3798 | D:5      | Noticed Duvessa
  3798 | D:5      | Noticed Dowan
  3817 | D:4      | Killed Duvessa
  3822 | D:4      | Killed Dowan
  4114 | D:5      | Reached skill level 9 in Long Blades
  4114 | D:5      | Reached XP level 8. HP: 49/52 MP: 8/8
  4511 | D:5      | Reached skill level 10 in Long Blades
  4696 | D:5      | Found a white marble altar of Elyvilon.
  4785 | D:3      | Reached ** piety under Okawaru
  5602 | D:6      | Reached skill level 11 in Long Blades
  5870 | D:6      | Reached XP level 9. HP: 34/56 MP: 6/9
  6113 | D:6      | Found Akabucuh's Antique Armour Shoppe.
  6514 | D:6      | Found a stormy altar of Qazlal.
  6771 | D:7      | Reached skill level 12 in Long Blades
  7108 | D:7      | Found a staircase to the Ecumenical Temple.
  8031 | D:8      | Found Xyafywne's Weapon Shop.
  8276 | D:8      | Reached skill level 13 in Long Blades
  8285 | D:8      | Found a hide-covered altar of Uskayaw.
  8453 | D:8      | Reached *** piety under Okawaru
  8456 | D:8      | Reached XP level 10. HP: 49/63 MP: 8/10
  9140 | D:9      | Reached skill level 14 in Long Blades
  9321 | D:9      | Found a staircase to the Orcish Mines.
  9323 | D:9      | Found a roughly hewn altar of Beogh.
  9510 | D:9      | Found an ornate altar of the Wu Jian Council.
  9674 | D:9      | Reached skill level 1 in Stealth
  9905 | D:9      | Reached skill level 1 in Invocations
  9939 | D:9      | Found a radiant altar of Vehumet.
  9940 | D:9      | Found a burning altar of Makhleb.
  9962 | D:9      | Reached skill level 1 in Evocations
 10154 | D:9      | Noticed Psyche
 10162 | D:9      | Killed Psyche
 10162 | D:9      | Reached skill level 1 in Throwing
 10742 | D:10     | Entered Level 10 of the Dungeon
 10764 | D:10     | Found Cyuseiti's General Store.
 10769 | D:10     | Bought a scroll of identify for 26 gold pieces
 10769 | D:10     | Bought a scroll of identify for 26 gold pieces
 10797 | D:10     | Noticed a two-headed ogre
 10805 | D:10     | Slain by a two-headed ogre

Skill      XL: |  1  2  3  4  5  6  7  8  9 10 |
---------------+-------------------------------+-----
Long Blades    | 3 4 5 6 7 9 11 13 14 | 14.0
Stealth        | 2 |  2.6
Invocations    | 1 |  1.8
Evocations     | 1 |  1.7
Throwing       | 1 |  1.6
Fighting       | |  3.5
Dodging        | |  3.4
Shields        | |  3.4

Action                   |  1- 3 |  4- 6 |  7- 9 | 10-12 || total
-------------------------+-------+-------+-------+-------++-------
Melee: Long sword        |    65 |   129 |   179 |       ||   373
       Tentacles         |    14 |    32 |    67 |    40 ||   153
       Constrict         |    14 |    42 |    55 |    31 ||   142
       Punch             |       |       |     1 |       ||     1
       Falchion          |       |       |    75 |   139 ||   214
Throw: Stone             |       |       |     1 |       ||     1
Invok: Heroism           |       |       |     2 |       ||     2
Evoke: Wand              |       |       |       |     6 ||     6
  Use: Potion            |       |     2 |     1 |     1 ||     4
       Scroll            |       |       |     3 |    10 ||    13
 Stab: Sleeping          |     7 |     1 |    13 |     4 ||    25
       Distracted        |     1 |       |     2 |       ||     3
  Eat: Chunk             |       |     8 |     9 |     6 ||    23
       Ration            |       |       |     2 |       ||     2
Armor: Skin              |     3 |     9 |     6 |     2 ||    20
Dodge: Dodged            |    24 |    60 |    79 |    29 ||   192
Block: Shield            |    28 |    44 |    72 |    37 ||   181
       Rpst.: Long sword |     8 |    17 |    24 |       ||    49
       Falchion          |       |       |     3 |     9 ||    12
